 Dungeon Crawl Stone Soup version 0.30.0-15-g856e2d3f33 (webtiles) character file.

Game seed: 11860021548520763289

856 SnakkuSnakku7 the Cudgeller (level 7, -2/39 (50) HPs)
             Began as a Mummy Reaver on May 18, 2023.
             Slain by a sky beast (5 damage)
             ... on level 6 of the Dungeon.
             The game lasted 00:06:17 (4180 turns).

SnakkuSnakku7 the Cudgeller (Mummy Reaver)          Turns: 4180, Time: 00:06:18

HP:   -2/39 (50)    AC:  4    Str: 15    XL:     7   Next: 70%
MP:   0/11          EV: 11    Int: 15    God:
Gold: 93            SH:  0    Dex: 10    Spells: 10/11 levels left

rFire   . . .        a - +0 flail
rCold   + . .        (no shield)
rNeg    + + +        b - +0 leather armour
rPois   ∞            p - +0 helmet
rElec   .            (no cloak)
rCorr   .            (no gloves)
SInv    .            (no boots)
Will    .....        c - amulet of guardian spirit
Stlth   +            f - ring of protection from fire
HPRegen 0.26/turn    (no ring)
MPRegen 0.12/turn

%: guardian spirit, faith
@: heavily drained
A: cold resistance 1, negative energy resistance 3, torment resistance 2, heat
vulnerability 1, in touch with death 1, no potions, faith
a: no special abilities


You were on level 6 of the Dungeon.
You visited 1 branch of the dungeon, and saw 6 of its levels.

You collected 252 gold pieces.
You spent 159 gold pieces at shops.

Inventory:

Hand Weapons
 a - a +0 flail (weapon)
 i - a +0 mace
Missiles
 n - 4 poisoned darts
Armour
 b - a +0 leather armour (worn)
 l - an orb of guile
 p - a +0 helmet (worn)
 q - a +0 kite shield
Jewellery
 c - an amulet of guardian spirit (around neck)
 f - a ring of protection from fire (left hand)
Scrolls
 d - a scroll of vulnerability
 e - 4 scrolls of fog
 g - 2 scrolls of fear
 h - 2 scrolls of teleportation
 j - 2 scrolls of enchant weapon
 m - a scroll of identify
 o - a scroll of torment
 r - a scroll of blinking
 s - a scroll of magic mapping {unknown}
 t - a scroll of silence {unknown}
 u - a scroll of enchant armour {unknown}


   Skills:
 - Level 2.0 Fighting
 + Level 6.0 Maces & Flails
 - Level 1.5 Dodging
 - Level 2.6 Spellcasting
 - Level 2.4 Conjurations
 - Level 4.0 Necromancy
 + Level 3.0 Translocations


You had 10 spell levels left.
You knew the following spells:

 Your Spells              Type           Power      Damage    Failure   Level
a - Kiss of Death         Conj/Necr      68%        2d10      7%          1

Your spell library contained the following spells:

 Spells                   Type           Power      Damage    Failure   Level
 Necrotise                Necr           84%        1d8       4%          1
 Apportation              Tloc           22%        N/A       8%          1
 Magic Dart               Conj           36%        1d4       10%         1
 Lesser Beckoning         Tloc           22%        N/A       11%         2
 Momentum Strike          Conj/Tloc      20%        3d8       13%         2
 Gell's Gravitas          Tloc           11%        N/A       22%         3
 Teleport Other           Tloc           11%        N/A       22%         3
 Freeze                   Ice            8%         1d3       26%         1
 Sandblast                Erth           4%         2d4       26%         1
 Summon Small Mammal      Summ           8%         N/A       26%         1
 Call Imp                 Summ           4%         N/A       36%         2
 Passwall                 Tmut/Erth      1%         N/A       36%         2
 Hailstorm                Conj/Ice       5%         3d4       43%         3
 Stone Arrow              Conj/Erth      10%        3d7       43%         3
 Animate Dead             Necr           21%        N/A       43%         4
 Mephitic Cloud           Conj/Pois/Air  4%         N/A       50%         3
 Frozen Ramparts          Ice            4%         1d1       58%         3
 Haunt                    Necr/Summ      6%         N/A       100%        7
 Summon Hydra             Summ           1%         N/A       100%        7
 Infestation              Necr           10%        N/A       100%        8
 Sublimation of Blood     Necr           Unusable   N/A       N/A         2
 Wereblood                Tmut           Unusable   N/A       N/A         2

Dungeon Overview and Level Annotations

Branches:
Dungeon (6/15)
 Temple: D:4-7

Altars:
Kikubaaqudgha
Nemelex Xobeh
Ru
Sif Muna
Uskayaw
Vehumet

Shops:
D:4 ?


Innate Abilities, Weirdness & Mutations

You are immune to poison.
Your flesh is cold resistant. (rC+)
You are immune to negative energy. (rN+++)
You are immune to unholy pain and torment.
You are vulnerable to heat. (rF-)
You are in touch with the powers of death.
You do not drink.
You have a special connection with the divine. (Faith)


Message History

An orc comes into view. It is wielding a +0 hand axe.
The orc throws a stone.
The stone closely misses you.
An orc comes into view. It is wielding a +0 short sword.
The orc throws a stone.
The stone closely misses you.
No target in view!
You start waiting.
An orc is nearby!
You completely miss the orc. The orc closely misses you.
You barely miss the orc. The orc hits you with a +0 hand axe.
You thump the orc!
You kill the orc!
You barely miss the sky beast. The sky beast misses you.
The sky beast closely misses you.
You barely miss the sky beast.
The sky beast flickers out of sight!
Deactivating autopickup; reactivate with Ctrl-A.
Something hits you but does no damage.
No target in view!
No target in view!
No target in view!
No target in view!
You miss something. Something hits you. Something shocks you.
You barely miss something. Something hits you but does no damage.
You hit something. Something hits you. Something shocks you.
You closely miss something. Something hits you but does no damage.
You miss something. Something hits you. Something shocks you.
You closely miss something. Something hits you. Something shocks you.
You barely miss something. Something hits you. Something shocks you.
* * * LOW HITPOINT WARNING * * *
You barely miss something. Something hits you but does no damage.
You thump something! Something hits you but does no damage. Something hits you.
* * * LOW HITPOINT WARNING * * *
Something shocks you.
* * * LOW HITPOINT WARNING * * *
You can't drink.
Unknown command.
Okay, then.
Something hits you.
* * * LOW HITPOINT WARNING * * *
Something shocks you.
You die...

#....###..## #.#...#..##
#.#.....#######.#
##.#..............
######.#..<###.########
#.....###......#
#.####.#.......# #.#
##.#..##.###########
#>#####..#@#.#.##........
#####.......###.###.....#####
#......####..#.## #.....#
########.....)## #.....#
#######.## #.>...#
#........###.....#
#######...#....### #o.#.#####
#..###


There were no monsters in sight!

Vanquished Creatures
  The ghost of ragingrage the Cutter, an amateur KoTm (D:4)
  A black bear (D:4)
  An ogre (D:5)
  A phantom (D:4)
  2 hounds (D:5)
  An orc priest (D:6)
  3 jellies
  2 iguanas
  A gnoll (D:1)
  7 adders
  2 white imps
  An ufetubus (D:6)
  3 worms
  6 dart slugs
  13 orcs
  6 bats
  10 endoplasms
  4 giant cockroaches
  10 goblins
  7 hobgoblins
  5 kobolds
  3 quokkas
  7 ball pythons
  6 frilled lizards
  A rat (D:3)
104 creatures vanquished.

Notes
Turn   | Place    | Note
-------+----------+-------------------------------------------
     0 | D:1      | SnakkuSnakku7 the Mummy Reaver began the quest for the Orb.
     0 | D:1      | Reached XP level 1. HP: 16/16 MP: 4/4
    95 | D:1      | Found a faded altar of an unknown god.
   114 | D:1      | Reached skill level 1 in Necromancy
   114 | D:1      | Reached XP level 2. HP: 15/22 MP: 2/5
   488 | D:1      | Reached skill level 3 in Maces & Flails
   489 | D:1      | Gained mutation: You are in touch with the powers of death.
                  | [Mummy growth]
   489 | D:1      | Reached XP level 3. HP: 26/27 MP: 7/7
   990 | D:2      | You fall into a shaft and drop 2 floors!
  1160 | D:3      | Reached XP level 4. HP: 32/32 MP: 8/8
  1162 | D:3      | Found a sacrificial altar of Ru.
  1167 | D:3      | Found a hide-covered altar of Uskayaw.
  2128 | D:4      | Reached XP level 5. HP: 37/38 MP: 7/9
  2220 | D:4      | Noticed ragingrage's ghost (amateur KoTm)
  2236 | D:4      | Reached skill level 4 in Maces & Flails
  2304 | D:4      | Found a runed translucent gate.
  2304 | D:4      | Found a runed translucent gate.
  2304 | D:4      | Found a runed translucent gate.
  2480 | D:4      | Killed ragingrage's ghost
  2481 | D:4      | Reached skill level 5 in Maces & Flails
  2481 | D:4      | Reached XP level 6. HP: 26/44 MP: 6/10
  2666 | D:4      | Found an ancient bone altar of Kikubaaqudgha.
  2673 | D:4      | Found a radiant altar of Vehumet.
  2674 | D:4      | Found a shimmering blue altar of Sif Muna.
  2770 | D:4      | Found Yzughus's Magic Scroll Boutique.
  2773 | D:4      | Bought a scroll of blinking for 82 gold pieces
  2773 | D:4      | Bought a scroll of fear for 44 gold pieces
  2773 | D:4      | Bought a scroll of identify for 22 gold pieces
  2773 | D:4      | Bought a scroll of noise for 11 gold pieces
  2813 | D:5      | Entered Level 5 of the Dungeon
  2834 | D:4      | Reached skill level 1 in Translocations
  2914 | D:4      | Reached XP level 7. HP: 25/48 MP: 5/11
  3849 | D:6      | Found a sparkling altar of Nemelex Xobeh.
  3967 | D:6      | Reached skill level 6 in Maces & Flails
  4180 | D:6      | Slain by a sky beast

Illustrated notes

Levels and vault maps discovered:
D:1:      minmay_arrival_loop, layout_loops_ring, shapermc_ecumenical_altar_gd
D:2:      layout_loops_ring
D:3:      layout_basic, grunt_temple_overflow_open,
          chequers_serial_rivers_small_3
D:4:      layout_basic, grunt_temple_overflow_magic_moments, serial_shops,
          nicolae_shop_rolled_up, gammafunk_ghost_split
D:5:      layout_rooms
D:6:      layout_loops_ring, nemelex_diamond_rough_becter,
          lemuel_flamethrower_2, uniq_crazy_yiuf_cottage

Skill      XL: |  1  2  3  4  5  6  7 |
---------------+----------------------+-----
Necromancy     | 1 2 3 4 |  4.0
Maces & Flails | 3 5 6 |  6.0
Translocations | 1 3 |  3.0
Fighting       | |  2.0
Dodging        | |  1.5
Spellcasting   | |  2.6
Conjurations   | |  2.4

Action                     |  1- 3 |  4- 6 |  7- 9 || total
---------------------------+-------+-------+-------++-------
  Melee: Mace              |    83 |       |       ||    83
         Flail             |    13 |   232 |    81 ||   326
         Punch             |       |     1 |     1 ||     2
  Throw: Dart              |       |       |     4 ||     4
         Throwing net      |       |       |     2 ||     2
   Cast: Kiss of Death     |     1 |     3 |     3 ||     7
    Use: Scroll            |       |     4 |     1 ||     5
   Stab: Held in net/web   |       |       |     1 ||     1
 Armour: Leather armour    |    28 |    64 |    25 ||   117
  Dodge: Dodged            |    60 |   145 |    40 ||   245
